Map: Abyssal Reef LE

Players

Loken - Winner!

  • Race: Protoss Protoss
  • League: Platinum
  • Spawn Location: 11:00

Pelden

  • Race: Zerg Zerg
  • Spawn Location: 5:00

VOD

Have the link to the VOD?

Description

Time

  • Played on: April 7, 2017, 3:09 p.m.
  • Length: 23:08
Show
View Real Time Build Order
Export as new Build Order

Loken Protoss - Winner!

Build Orders: 1 Gate Expand 

Get SALT Encoding   

  12  0:01  Probe (Chrono Boost)  
  13  0:11  Probe (Chrono Boost)  
  14  0:21  Pylon  
  14  0:23  Probe (Chrono Boost)  
  15  0:39  Probe (Chrono Boost)  
  15  0:40  Gateway  
  17  0:50  Probe (Chrono Boost)  
  17  0:51  Assimilator  
  17  1:01  Probe (Chrono Boost)  
  18  1:13  Probe (Chrono Boost)  
  19  1:21  Pylon  
  19  1:32  Nexus  
  19  1:51  Pylon  
  19  2:00  Cybernetics Core, Zealot  
  20  2:03  Probe (Chrono Boost)  
  21  2:13  Probe (Chrono Boost)  
  21  2:15  Gateway  
  22  2:17  Gateway  
  22  2:24  Pylon  
  22  2:28  Assimilator  
  21  2:37  Stalker  
  23  2:51  Probe (Chrono Boost)  
  24  2:52  Probe (Chrono Boost)  
  24  2:55  Warp Gate  
  25  3:02  Probe (Chrono Boost)  
  25  3:05  Zealot x2  
  30  3:09  Stalker  
  33  3:13  Probe (Chrono Boost)  
  33  3:16  Probe (Chrono Boost)  
  34  3:26  Probe (Chrono Boost)  
  35  3:27  Probe (Chrono Boost)  
  36  3:36  Probe (Chrono Boost)  
  36  3:38  Probe (Chrono Boost)  
  36  3:39  Twilight Council  
  38  3:45  Assimilator  
  38  3:47  Probe (Chrono Boost)  
  40  3:48  Probe (Chrono Boost)  
  40  3:53  Stalker  
  42  3:57  Probe (Chrono Boost)  
  42  4:00  Stalker  
  45  4:10  Pylon  
  45  4:13  Probe (Chrono Boost)  
  46  4:28  Probe x2 (Chrono Boost)  
  36  4:39  Mothership Core (Chrono Boost), Probe (Chrono Boost)  
  25  5:01  Zealot x3  
  31  5:20  Probe (Chrono Boost)  
  32  5:25  Zealot  
  32  5:28  Stalker x2  
  38  5:31  Probe (Chrono Boost)  
  39  5:43  Dark Shrine  
  39  5:44  Probe (Chrono Boost)  
  39  5:46  Probe (Chrono Boost)  
  41  5:55  Probe (Chrono Boost)  
  43  5:57  Probe (Chrono Boost)  
  43  6:05  Probe (Chrono Boost)  
  43  6:07  Probe (Chrono Boost)  
  43  6:10  Assimilator  
  45  6:15  Gateway  
  45  6:16  Probe (Chrono Boost)  
  46  6:20  Pylon  
  46  6:26  Probe x2 (Chrono Boost)  
  48  6:37  Probe x2 (Chrono Boost)  
  50  6:40  Gateway  
  50  6:48  Probe (Chrono Boost)  
  51  6:56  Dark Templar x3  
  51  6:58  Probe (Chrono Boost)  
  58  7:11  Pylon  
  58  7:21  Probe (Chrono Boost)  
  58  7:22  Probe (Chrono Boost)  
  60  7:31  Probe (Chrono Boost)  
  60  7:33  Probe (Chrono Boost)  
  60  7:36  Stalker x4  
  70  7:51  Probe (Chrono Boost)  
  66  8:01  Stalker, Probe (Chrono Boost)  
  69  8:06  Pylon  
  69  8:08  Pylon  
  67  8:12  Charge  
  67  8:24  Pylon  
  67  8:38  Robotics Facility, Zealot x2  
  67  8:39  Robotics Facility, Zealot x3  
  77  8:51  Forge  
  77  8:54  Forge  
  77  9:00  Pylon  
  75  9:23  Stalker x4  
  75  9:24  Stalker  
  85  9:27  Nexus  
  85  9:34  Immortal x2  
  93  9:38  Robotics Bay  
  93  9:43  Protoss Ground Weapons Level 1  
  73  9:53  Dark Templar x2  
  65  10:08  Archon  
  65  10:12  Pylon  
  65  10:24  Extended Thermal Lance  
  65  10:27  Colossus x2  
  77  10:37  Probe (Chrono Boost)  
  77  10:42  Probe (Chrono Boost)  
  79  10:47  Probe (Chrono Boost)  
  80  10:52  Probe (Chrono Boost)  
  81  11:02  Protoss Ground Armor Level 1  
  60  11:19  Dark Templar x2  
  60  11:21  Colossus x2  
  76  11:46  Dark Templar x3  
  70  12:04  Dark Templar  
  71  12:21  Colossus  
  77  12:24  Zealot x3  
  83  13:01  Nexus  
  83  13:02  Zealot  
  85  13:10  Pylon  
  85  13:11  Pylon  
  85  13:12  Pylon  
  85  13:14  Pylon  
  63  13:51  Stalker x2  
  63  13:52  Stalker x2  
  63  13:54  Colossus x2  
  83  14:29  Dark Templar x4  
  67  15:16  Protoss Ground Weapons Level 2, Protoss Ground Armor Level 2  
  67  15:17  Colossus x2  
  67  15:20  Zealot x2  
  67  15:21  Zealot x2  
  87  15:32  Nexus  
  87  15:36  Assimilator  
  87  15:39  Assimilator  
  87  15:47  Pylon  
  87  15:57  Dark Templar x3  
  79  16:13  Gateway  
  79  16:14  Gateway  
  79  16:15  Gateway  
  79  16:34  Probe (Chrono Boost)  
  80  16:43  Probe x2 (Chrono Boost)  
  80  16:44  Probe (Chrono Boost)  
  83  16:52  Gateway x2  
  83  16:53  Gateway  
  85  16:55  Probe x3 (Chrono Boost)  
  85  16:56  Gateway  
  85  17:01  Pylon  
  86  17:07  Probe (Chrono Boost)  
  86  17:08  Probe (Chrono Boost)  
  88  17:09  Colossus x2  
  84  17:56  Stalker x2  
  76  17:59  Stalker x3  
  76  18:00  Stalker  
  78  18:14  Probe x2 (Chrono Boost)  
  78  18:15  Probe x2 (Chrono Boost)  
  82  18:24  Probe (Chrono Boost)  
  77  18:27  Probe x2 (Chrono Boost)  
  77  18:28  Stalker x5  
  77  18:29  Stalker x2  
  77  18:30  Stalker x3  
  97  18:41  Blink  
  97  18:49  Assimilator  
  97  18:53  Assimilator  
  97  19:06  Pylon  
  97  19:21  Protoss Ground Armor Level 3, Protoss Ground Weapons Level 3  
  85  19:40  Pylon  
  85  19:43  Stalker  
  85  19:44  Stalker x6  
  85  19:45  Stalker  
  101  19:56  Nexus  
  101  19:57  Pylon  
  101  20:14  Zealot  
  101  20:15  Zealot x4  
  101  20:16  Zealot x5  
  99  20:51  Stalker x5  
  99  20:52  Stalker x5  
  109  20:57  Colossus  
  111  21:33  Stalker x4  
  111  21:34  Stalker x4  
  111  21:35  Stalker  
  111  21:36  Stalker  
  123  21:55  Colossus  
  118  22:39  Pylon  
  118  22:44  Pylon  
  118  22:59  Stalker x2  
  118  23:00  Stalker x5  
Show
View Real Time Build Order
Export as new Build Order

Pelden Zerg 

Build Orders: Pool First 

Get SALT Encoding   

  12  0:01  Drone  
  13  0:13  Overlord  
  13  0:17  Drone  
  14  0:32  Drone x2  
  16  0:50  Spawning Pool  
  16  0:51  Drone  
  16  0:57  Drone, Extractor  
  16  1:09  Drone  
  17  1:28  Overlord  
  17  1:36  Zergling x2  
  17  1:37  Zergling x2  
  17  1:38  Queen  
  21  1:44  Drone  
  22  2:07  Zergling x4  
  24  2:13  Overlord  
  24  2:17  Queen  
  24  2:21  Hatchery  
  25  2:48  Zergling x4  
  25  2:49  Zergling x8  
  31  3:00  Metabolic Boost  
  31  3:03  Overlord  
  31  3:12  Zergling x2  
  32  3:22  Zergling x2  
  33  3:27  Zergling x2  
  33  3:28  Zergling x4  
  36  3:43  Zergling x2  
  37  3:48  Hatchery  
  37  3:51  Drone x2  
  38  3:56  Drone x4  
  38  4:02  Drone  
  43  4:05  Drone  
  44  4:30  Drone x2  
  42  4:31  Drone x3  
  42  4:37  Drone x2  
  46  4:45  Drone  
  46  4:46  Zergling x2  
  46  4:55  Zergling x2  
  46  5:14  Lair  
  45  5:17  Extractor  
  45  5:20  Roach Warren  
  43  5:26  Drone, Spore Crawler  
  43  5:27  Drone x2  
  45  5:32  Drone x3  
  45  5:33  Spore Crawler  
  45  5:34  Drone x3  
  50  5:41  Drone x2  
  52  5:47  Drone x3  
  55  5:54  Drone  
  56  5:58  Extractor  
  56  6:02  Extractor  
  54  6:07  Spore Crawler  
  53  6:20  Hydralisk Den  
  52  6:25  Spore Crawler  
  52  6:26  Drone x2  
  52  6:28  Roach  
  52  6:29  Roach  
  52  6:30  Overlord  
  52  6:31  Overlord  
  57  6:33  Glial Reconstitution  
  57  6:39  Spore Crawler  
  56  6:43  Drone  
  56  6:44  Evolution Chamber  
  56  6:45  Overlord  
  56  6:46  Drone  
  57  7:05  Hydralisk Den  
  56  7:08  Drone  
  56  7:09  Drone x3  
  56  7:10  Drone x2  
  56  7:12  Drone x2  
  56  7:14  Overlord x3, Hydralisk  
  56  7:15  Hydralisk x7  
  81  7:25  Spine Crawler  
  81  7:28  Overlord x2  
  80  7:32  Muscular Augments  
  80  7:58  Spore Crawler  
  74  7:59  Spore Crawler  
  74  8:00  Overseer  
  68  8:10  Drone x4  
  68  8:11  Drone x2  
  72  8:15  Hydralisk x2  
  72  8:16  Hydralisk x7  
  90  8:35  Drone x2  
  90  8:36  Hydralisk  
  90  8:37  Hydralisk x3  
  100  8:44  Drone  
  100  8:45  Spine Crawler  
  100  8:47  Drone  
  101  8:49  Drone  
  100  9:07  Roach x6  
  108  9:22  Roach x6  
  120  9:45  Roach x4  
  101  10:04  Roach x7  
  109  10:18  Overlord  
  109  10:19  Roach, Overlord  
  109  10:20  Roach  
  113  10:28  Hatchery, Queen  
  113  10:33  Zerg Missile Weapons Level 1  
  114  10:46  Roach x6  
  114  10:47  Drone  
  127  10:52  Drone  
  127  10:53  Drone  
  125  11:12  Roach  
  125  11:13  Roach x2  
  99  12:01  Hydralisk  
  99  12:02  Hydralisk x8  
  99  12:07  Drone x3  
  100  12:08  Queen  
  86  12:19  Hydralisk x3  
  92  12:24  Hydralisk x2  
  96  12:44  Drone  
  96  12:45  Extractor  
  96  12:54  Hydralisk x5  
  96  12:55  Roach x2  
  96  12:56  Roach  
  112  12:59  Zerg Ground Armor Level 1  
  112  13:02  Tunneling Claws  
  112  13:04  Roach x2  
  116  13:15  Roach x3, Overlord x2  
  122  13:21  Roach x3  
  92  13:44  Roach  
  92  13:45  Roach x5  
  98  13:52  Overseer  
  98  13:57  Roach x5  
  98  13:58  Queen  
  92  14:12  Roach x6  
  92  14:14  Drone x3  
  101  14:25  Roach x3  
  107  14:35  Roach  
  107  14:36  Roach x2  
  107  14:38  Drone x3  
  79  15:17  Drone x3  
  82  15:23  Roach x7  
  96  15:30  Drone  
  96  15:31  Drone x3  
  96  15:35  Extractor  
  99  15:37  Hatchery, Roach  
  99  15:38  Queen, Roach  
  99  15:40  Queen  
  100  16:10  Roach  
  100  16:11  Roach x8  
  90  16:20  Drone x2  
  90  16:21  Drone  
  90  16:22  Drone x2  
  95  16:27  Roach x3  
  95  16:32  Zerg Ground Armor Level 2  
  101  16:44  Drone x3, Extractor  
  103  16:49  Queen, Drone  
  103  16:51  Overlord x3  
  103  16:52  Drone x2  
  103  16:53  Roach x4  
  103  16:54  Roach x4  
  124  17:09  Roach x2  
  124  17:10  Roach x3  
  128  17:43  Roach  
  132  17:44  Roach x11  
  132  17:50  Drone x4  
  132  17:51  Drone  
  142  18:06  Drone x2  
  116  18:14  Roach  
  116  18:15  Roach x5  
  104  18:27  Ravager  
  104  18:28  Ravager x5  
  104  18:29  Zergling x2  
  104  18:30  Zergling x18  
  112  18:38  Infestation Pit  
  111  18:48  Drone x3  
  112  18:49  Zerg Melee Weapons Level 1  
  112  18:51  Roach  
  112  18:52  Roach x7  
  91  19:25  Roach x10  
  96  19:35  Roach x2  
  96  19:38  Hatchery  
  96  19:50  Roach x4, Hydralisk  
  106  19:53  Zergling x2  
  106  19:57  Zergling x2  
  106  19:58  Zergling x4  
  110  20:01  Spine Crawler  
  110  20:05  Zergling x2  
  110  20:06  Zergling x4  
  112  20:11  Hive  
  112  20:13  Zergling x6  
  112  20:14  Zergling x8  
  119  20:24  Roach  
  119  20:25  Roach x3  
  121  20:40  Roach  
  121  20:41  Roach x3  
  98  20:53  Roach  
  98  20:54  Roach x2  
  98  20:55  Zergling x4  
  84  20:58  Zergling x2  
  84  21:00  Zergling x2  
  84  21:01  Zergling x4  
  80  21:05  Roach  
  80  21:06  Roach  
  80  21:07  Zergling x2  
  80  21:08  Zergling x10  
  86  21:20  Roach x3  
  90  21:31  Roach  
  82  21:44  Roach x2  
  79  21:52  Zergling x2  
  79  21:53  Zergling x4  
  78  21:57  Zergling x6  
  78  22:00  Zergling x2  
  47  22:31  Zergling x6  
  41  22:44  Zergling x2  
Tags
 
Add a new tag
Caveats
  • Supply blocks, unpowered buildings, or Contaminate may cause inaccurate times.
  • Supply counts are checked every 10 seconds.